SAAA
HAMILTON COYOTES @ HARTFORD PRIDE
07/02/2042
 
TOP OF THE 1ST
Hamilton Coyotes batting - Pitching for Hartford Pride : RHP Tomás Huesca
Pitching: RHP Tomás Huesca
Batting: SHB Aristotle Auer 0-0: Called Strike
0-1: Ball
1-1: Called Strike
1-2: SINGLE (Groundball, 6MD, EV 97.5 MPH)
Batting: RHB Michael Collier 0-0: Foul Ball, location: 2F
0-1: Called Strike
0-2: Ball
1-2: Fly out, F8 (Flyball, 8LD, EV 88.8 MPH)
Batting: SHB Alex Warner 0-0: Ball
1-0: Foul Ball, location: 2F
1-1: Ball
Wild Pitch!
Aristotle Auer to second
2-1: Foul Ball, location: 2F
2-2: Foul Ball, location: 2F
2-2: Fly out, F9 (Line Drive, 9D, EV 83.1 MPH)
Runner from 2nd tags up, SAFE at 3rd, no throw by RF
Batting: SHB Marcos Román 0-0: Ball
1-0: Ball
2-0: Ball
3-0: Base on Balls
Batting: LHB Jason Powell 0-0: Foul Ball, location: 2F
0-1: Called Strike
0-2: Ball
Wild Pitch!
Aristotle Auer scores
Marcos Román to second
1-2: Ball
2-2: SINGLE (Groundball, 4M, EV 83.1 MPH) (infield hit)
Marcos Román to third
Batting: RHB Gary Goodwin 0-0: Ground out 1-3 (Groundball, P, EV 86.2 MPH)
Top of the 1st over - 1 run, 2 hits, 0 errors, 2 left on base; Hamilton 1 - Hartford 0
BOTTOM OF THE 1ST
Hartford Pride batting - Pitching for Hamilton Coyotes : LHP Gerald Emerson
Pitching: LHP Gerald Emerson
Batting: RHB Eugene McClellan 0-0: Ball
1-0: Fly out, F7 (Flyball, 7, EV 91.2 MPH)
Batting: RHB Hani Azwan 0-0: Foul Ball, location: 2F
0-1: SINGLE (Line Drive, 4MD, EV 101.9 MPH)
Batting: RHB Emílio Agramónte 0-0: Ball
1-0: Foul Ball, location: 2F
1-1: Swinging Strike
1-2: Ball
2-2: Ball
3-2: Strikes out swinging
Batting: RHB Joe Aller 0-0: Fly out, F3 (Popup, 3F, EV 71.2 MPH)
Bottom of the 1st over - 0 runs, 1 hit, 0 errors, 1 left on base; Hamilton 1 - Hartford 0
TOP OF THE 2ND
Hamilton Coyotes batting - Pitching for Hartford Pride : RHP Tomás Huesca
Batting: RHB Cary Collins 0-0: Called Strike
0-1: Ball
1-1: Swinging Strike
1-2: Ball
2-2: Ball
3-2: Foul Ball, location: 2F
3-2: Ground out 5-3 (Groundball, 5, EV 106.9 MPH)
Batting: RHB Kazunari Mizuno 0-0: Foul Ball, location: 2F
0-1: Foul Ball, location: 2F
0-2: Ball
1-2: Foul Ball, location: 2F
1-2: Foul Ball, location: 2F
1-2: Ground out 5-3 (Groundball, 56S, EV 81.2 MPH)
Batting: SHB Júlio Moreno 0-0: Ball
1-0: Foul Ball, location: 2F
1-1: Ball
2-1: Ground out 4-3 (Groundball, 4, EV 105.0 MPH)
Top of the 2nd over - 0 runs, 0 hits, 0 errors, 0 left on base; Hamilton 1 - Hartford 0
BOTTOM OF THE 2ND
Hartford Pride batting - Pitching for Hamilton Coyotes : LHP Gerald Emerson
Batting: LHB Héctor Galló 0-0: Called Strike
0-1: Ball
1-1: Ball
2-1: Foul Ball, location: 2F
2-2: Ball
3-2: Foul Ball, location: 2F
3-2: Base on Balls
Batting: RHB Peer Kattenberg 0-0: Ball
1-0: Fly out, F9 (Flyball, 9S, EV 93.8 MPH)
Batting: LHB Daniel Joseph 0-0: Ball
1-0: Foul Ball, location: 2F
1-1: Fly out, F7 (Line Drive, 7, EV 84.4 MPH)
Batting: RHB Lester Kwiatkowski 0-0: Foul Ball, location: 2F
0-1: Called Strike
0-2: Ball
1-2: Foul Ball, location: 2F
1-2: Foul Ball, location: 2F
1-2: Ball
2-2: Fly out, F8 (Line Drive, 8RM, EV 98.1 MPH)
Bottom of the 2nd over - 0 runs, 0 hits, 0 errors, 1 left on base; Hamilton 1 - Hartford 0
TOP OF THE 3RD
Hamilton Coyotes batting - Pitching for Hartford Pride : RHP Tomás Huesca
Batting: SHB Aristotle Auer 0-0: Ball
1-0: Called Strike
1-1: Foul Ball, location: 2F
1-2: Ball
2-2: Ball
3-2: Foul Ball, location: 2F
3-2: Fly out, F9 (Flyball, 89S, EV 92.5 MPH)
Batting: RHB Michael Collier 0-0: Ball
1-0: Foul Ball, location: 2F
1-1: Ball
2-1: SINGLE (Groundball, 6MD, EV 105.0 MPH)
Batting: SHB Alex Warner 0-0: Fielders Choice at 2nd, 4-6 (Groundball, 4, EV 90.6 MPH)
Batting: SHB Marcos Román 0-0: Ball
1-0: Foul Ball, location: 2F
1-1: Foul Ball, location: 2F
1-2: Foul Ball, location: 2F
1-2: Ball
Wild Pitch!
Alex Warner to second
2-2: Strikes out looking
Top of the 3rd over - 0 runs, 1 hit, 0 errors, 1 left on base; Hamilton 1 - Hartford 0
BOTTOM OF THE 3RD
Hartford Pride batting - Pitching for Hamilton Coyotes : LHP Gerald Emerson
Batting: RHB Joshua Cadaval 0-0: Ground out 2-3 (Groundball, 15S, EV 66.2 MPH)
Batting: RHB Eugene McClellan 0-0: Foul Ball, location: 2F
0-1: Hit by Pitch
Batting: RHB Hani Azwan 0-0: Ball
1-0: Ball
2-0: Ball
3-0: Base on Balls
Eugene McClellan to second
Batting: RHB Emílio Agramónte 0-0: Ball
1-0: Ball
2-0: SINGLE (Groundball, 34D, EV 101.9 MPH)
Eugene McClellan to third
Hani Azwan to second
Runner from 3rd tries for Home, SAFE, throw by RF to home
Batting: RHB Joe Aller 0-0: Ball
1-0: Called Strike
1-1: Fly out, F9 (Flyball, 9, EV 90.0 MPH)
Batting: LHB Héctor Galló 0-0: Called Strike
0-1: Ball
1-1: Fly out, F8 (Flyball, 78D, EV 66.9 MPH)
Bottom of the 3rd over - 1 run, 1 hit, 0 errors, 2 left on base; Hamilton 1 - Hartford 1
TOP OF THE 4TH
Hamilton Coyotes batting - Pitching for Hartford Pride : RHP Tomás Huesca
Batting: LHB Jason Powell 0-0: Ball
1-0: SINGLE (Groundball, 34D, EV 106.2 MPH)
Batting: RHB Gary Goodwin 0-0: Ball
Jason Powell steals 2nd base
1-0: Called Strike
1-1: Foul Ball, location: 2F
1-2: Foul Ball, location: 2F
1-2: Ball
2-2: Ball
3-2: Base on Balls
Batting: RHB Cary Collins 0-0: Called Strike
0-1: Ball
Wild Pitch!
Jason Powell to third
Gary Goodwin to second
1-1: Ball
2-1: Swinging Strike
2-2: Ball
3-2: Ground out 6-3 (Groundball, 6, EV 108.1 MPH)
Jason Powell scores
Batting: RHB Kazunari Mizuno 0-0: Ball
1-0: Called Strike
1-1: Ball
2-1: Ground out 3-1 (Groundball, 34S, EV 65.6 MPH)
Gary Goodwin to third
Batting: SHB Júlio Moreno 0-0: Ball
1-0: Ground out 6-3 (Groundball, 6M, EV 85.0 MPH)
Top of the 4th over - 1 run, 1 hit, 0 errors, 1 left on base; Hamilton 2 - Hartford 1
BOTTOM OF THE 4TH
Hartford Pride batting - Pitching for Hamilton Coyotes : LHP Gerald Emerson
Batting: RHB Peer Kattenberg 0-0: Fly out, F9 (Flyball, 9S, EV 91.2 MPH)
Batting: LHB Daniel Joseph 0-0: Called Strike
0-1: Ball
1-1: Foul Ball, location: 2F
1-2: Ball
2-2: Strikes out swinging
Batting: RHB Lester Kwiatkowski 0-0: Called Strike
0-1: Ball
1-1: Foul Ball, location: 2F
1-2: Foul Ball, location: 2F
1-2: Foul Ball, location: 2F
1-2: Ball
2-2: SINGLE (Line Drive, 4D, EV 98.1 MPH)
Batting: RHB Joshua Cadaval 0-0: Fly out, F8 (Line Drive, 8LD, EV 109.4 MPH)
Bottom of the 4th over - 0 runs, 1 hit, 0 errors, 1 left on base; Hamilton 2 - Hartford 1
TOP OF THE 5TH
Hamilton Coyotes batting - Pitching for Hartford Pride : RHP Tomás Huesca
Batting: SHB Aristotle Auer 0-0: Ball
1-0: Ball
2-0: Ball
3-0: Called Strike
3-1: Fly out, F7 (Line Drive, 7, EV 88.8 MPH)
Batting: RHB Michael Collier 0-0: Ground out 5-3 (Groundball, 56, EV 79.4 MPH)
Batting: SHB Alex Warner 0-0: Ball
1-0: Ball
2-0: Called Strike
2-1: Ball
3-1: Base on Balls
Batting: SHB Marcos Román 0-0: Ball
1-0: Ball
2-0: Swinging Strike
2-1: Foul Ball, location: 2F
2-2: Strikes out swinging
Top of the 5th over - 0 runs, 0 hits, 0 errors, 1 left on base; Hamilton 2 - Hartford 1
BOTTOM OF THE 5TH
Hartford Pride batting - Pitching for Hamilton Coyotes : LHP Gerald Emerson
Batting: RHB Eugene McClellan 0-0: Called Strike
0-1: Ball
1-1: Ball
2-1: Ball
3-1: Base on Balls
Batting: RHB Hani Azwan 0-0: Ball
1-0: Bunted foul
1-1: Sac Bunt to 13 - play at first, batter OUT! 1-4
Eugene McClellan to second
Batting: RHB Emílio Agramónte 0-0: Called Strike
0-1: Ball
1-1: Called Strike
1-2: Ball
2-2: Foul Ball, location: 2F
2-2: Ball
3-2: Foul Ball, location: 2F
3-2: Base on Balls
Batting: RHB Joe Aller 0-0: Fly out, F8 (Line Drive, 8RD, EV 83.8 MPH)
Batting: LHB Héctor Galló 0-0: Ball
1-0: Ball
2-0: Called Strike
2-1: Called Strike
2-2: Ball
3-2: Foul Ball, location: 2F
3-2: Foul Ball, location: 2F
3-2: Foul Ball, location: 2F
3-2: SINGLE (Groundball, 6S, EV 86.2 MPH) (infield hit)
Eugene McClellan to third
Emílio Agramónte to second
Batting: RHB Peer Kattenberg 0-0: Ball
1-0: Fly out, F9 (Line Drive, 9, EV 102.5 MPH)
Bottom of the 5th over - 0 runs, 1 hit, 0 errors, 3 left on base; Hamilton 2 - Hartford 1
TOP OF THE 6TH
Hamilton Coyotes batting - Pitching for Hartford Pride : RHP Tomás Huesca
Batting: LHB Jason Powell 0-0: Foul Ball, location: 2F
0-1: Ground out U3 (Groundball, 3L, EV 86.2 MPH)
Batting: RHB Gary Goodwin 0-0: SINGLE (Line Drive, 3D, EV 100.0 MPH)
Batting: RHB Cary Collins 0-0: SINGLE (Line Drive, 89M, EV 95.0 MPH)
Gary Goodwin to second
Batting: RHB Kazunari Mizuno 0-0: Called Strike
0-1: Foul Ball, location: 2F
0-2: Foul Ball, location: 2F
0-2: Fly out, F9 (Flyball, 9D, EV 102.5 MPH)
Batting: SHB Júlio Moreno 0-0: Fly out, F8 (Line Drive, 8LD, EV 96.9 MPH)
Top of the 6th over - 0 runs, 2 hits, 0 errors, 2 left on base; Hamilton 2 - Hartford 1
BOTTOM OF THE 6TH
Hartford Pride batting - Pitching for Hamilton Coyotes : LHP Gerald Emerson
Batting: LHB Daniel Joseph 0-0: Ball
1-0: Ball
2-0: Swinging Strike
2-1: Ball
3-1: Called Strike
3-2: Base on Balls
Batting: RHB Lester Kwiatkowski 0-0: Swinging Strike
0-1: Ball
1-1: Ball
2-1: Sac Bunt to 13 - play at first, batter OUT! 1-4
Daniel Joseph to second
Pitching: RHP Erick Indiano
Batting: RHB Joshua Cadaval 0-0: Ground out 6-3 (Groundball, 6, EV 84.4 MPH)
Daniel Joseph to third
Batting: RHB Eugene McClellan 0-0: Ball
1-0: 2-RUN HOME RUN (Flyball, 7LD, EV 107.5 MPH), Distance : 332 ft
Batting: RHB Hani Azwan 0-0: Fly out, F3 (Popup, 3SF, EV 69.4 MPH)
Bottom of the 6th over - 2 runs, 1 hit, 0 errors, 0 left on base; Hamilton 2 - Hartford 3
TOP OF THE 7TH
Hamilton Coyotes batting - Pitching for Hartford Pride : RHP Tomás Huesca
Pitching: RHP Eduardo Flores
Batting: SHB Aristotle Auer 0-0: Foul Ball, location: 2F
0-1: SINGLE (Line Drive, 9LS, EV 88.1 MPH)
Batting: RHB Michael Collier 0-0: Called Strike
0-1: Ball
1-1: Ball
2-1: Swinging Strike
2-2: Ball
3-2: Strikes out swinging
Aristotle Auer steals 2nd, throwing error, E2
Aristotle Auer to third
Batting: SHB Alex Warner 0-0: Called Strike
0-1: Ball
1-1: Ball
2-1: SINGLE (Groundball, 4MD, EV 94.4 MPH)
Aristotle Auer scores
Batting: SHB Marcos Román 0-0: Called Strike
0-1: Foul Ball, location: 2F
0-2: Ball
1-2: Foul Ball, location: 2F
1-2: Strikes out looking
Batting: LHB Jason Powell 0-0: Called Strike
0-1: SINGLE (Groundball, 34D, EV 105.6 MPH) (infield hit)
Alex Warner to second
Batting: RHB Gary Goodwin 0-0: Called Strike
0-1: Swinging Strike
0-2: Foul Ball, location: 2F
0-2: Foul Ball, location: 2F
0-2: Ball
1-2: Foul Ball, location: 2F
1-2: Ball
2-2: Ground out 1-3 (Groundball, P, EV 70.0 MPH)
Top of the 7th over - 1 run, 3 hits, 1 error, 2 left on base; Hamilton 3 - Hartford 3
BOTTOM OF THE 7TH
Hartford Pride batting - Pitching for Hamilton Coyotes : RHP Erick Indiano
Batting: RHB Emílio Agramónte 0-0: Foul Ball, location: 2F
0-1: Ball
1-1: SINGLE (Flyball, 9LM, EV 87.5 MPH)
Batting: RHB Joe Aller 0-0: Ball
1-0: Foul Ball, location: 2F
1-1: Ball
2-1: Swinging Strike
2-2: Fly out, F3 (Popup, 3SF, EV 63.1 MPH)
Batting: LHB Héctor Galló 0-0: Ball
1-0: Ball
2-0: Ball
3-0: Called Strike
3-1: Base on Balls
Emílio Agramónte to second
Pitching: RHP Rickey O'Day
Batting: RHB Peer Kattenberg 0-0: Ball
1-0: Called Strike
1-1: Ball
2-1: Ball
3-1: Base on Balls
Emílio Agramónte to third
Héctor Galló to second
Batting: LHB Daniel Joseph 0-0: Ball
1-0: Ball
2-0: Ball
3-0: Foul Ball, location: 2F
3-1: Swinging Strike
3-2: Strikes out looking
Batting: RHB Lester Kwiatkowski 0-0: Called Strike
0-1: Ground out 1-3 (Groundball, 34S, EV 78.1 MPH)
Bottom of the 7th over - 0 runs, 1 hit, 0 errors, 3 left on base; Hamilton 3 - Hartford 3
TOP OF THE 8TH
Hamilton Coyotes batting - Pitching for Hartford Pride : RHP Eduardo Flores
Batting: RHB Cary Collins 0-0: Ball
1-0: Ball
2-0: Fly out, F8 (Flyball, 8RM, EV 75.0 MPH)
Batting: RHB Kazunari Mizuno 0-0: Ball
1-0: Ball
2-0: Called Strike
2-1: Ball
3-1: Called Strike
3-2: Fly out, F8 (Line Drive, 8LD, EV 105.0 MPH)
Pitching: RHP Tony Ramírez
Batting: SHB Júlio Moreno 0-0: Called Strike
0-1: Foul Ball, location: 2F
0-2: Ball
1-2: Foul Ball, location: 2F
1-2: Ball
2-2: Strikes out looking
Top of the 8th over - 0 runs, 0 hits, 0 errors, 0 left on base; Hamilton 3 - Hartford 3
BOTTOM OF THE 8TH
Hartford Pride batting - Pitching for Hamilton Coyotes : RHP Rickey O'Day
Batting: RHB Joshua Cadaval 0-0: Ball
1-0: Called Strike
1-1: Ball
2-1: Ball
3-1: Base on Balls
Pitching: RHP Hansky Paillant
Batting: RHB Eugene McClellan 0-0: Ball
1-0: Bunted foul
1-1: Bunt missed!
1-2: Foul Ball, location: 2F
1-2: Foul Ball, location: 2F
1-2: Foul Ball, location: 2F
1-2: Fly out, F7 (Flyball, 7, EV 80.6 MPH)
Batting: RHB Hani Azwan 0-0: Foul Ball, location: 2F
0-1: Foul Ball, location: 2F
0-2: Grounds into double play, 1-4-3 (Groundball, P, EV 61.9 MPH)
Bottom of the 8th over - 0 runs, 0 hits, 0 errors, 0 left on base; Hamilton 3 - Hartford 3
TOP OF THE 9TH
Hamilton Coyotes batting - Pitching for Hartford Pride : RHP Tony Ramírez
Batting: SHB Aristotle Auer 0-0: Swinging Strike
0-1: Swinging Strike
0-2: Ball
1-2: Ball
2-2: Strikes out looking
Batting: RHB Michael Collier 0-0: Called Strike
0-1: Ball
1-1: Ball
2-1: Ball
3-1: Foul Ball, location: 2F
3-2: Strikes out looking
Batting: SHB Alex Warner 0-0: Called Strike
0-1: SINGLE (Groundball, 34D, EV 103.8 MPH)
Batting: SHB Marcos Román 0-0: Foul Ball, location: 2F
0-1: DOUBLE (Line Drive, 7LM, EV 104.4 MPH)
Alex Warner to third
Batting: LHB Jason Powell 0-0: Ball
1-0: Called Strike
1-1: Ball
2-1: Called Strike
2-2: Strikes out swinging
Top of the 9th over - 0 runs, 2 hits, 0 errors, 2 left on base; Hamilton 3 - Hartford 3
BOTTOM OF THE 9TH
Hartford Pride batting - Pitching for Hamilton Coyotes : RHP Hansky Paillant
Pitching: RHP Jacob Messer
Batting: RHB Emílio Agramónte 0-0: Foul Ball, location: 2F
0-1: Ball
1-1: Foul Ball, location: 2F
1-2: Foul Ball, location: 2F
1-2: Foul Ball, location: 2F
1-2: Reached on error, E6 (Groundball, 6, EV 104.4 MPH)
Batting: RHB Joe Aller 0-0: Called Strike
0-1: Ball
1-1: Foul Ball, location: 2F
1-2: Ball
2-2: Ball
3-2: Fly out, F9 (Line Drive, 9, EV 91.2 MPH)
Runner from 2nd tags up, SAFE at 3rd with throw by RF
Batting: LHB Héctor Galló 0-0: Intentional Walk
Pinch Hitting: LHB Tomás Muinos 0-0: Called Strike
0-1: Swinging Strike
0-2: Ball
1-2: Ball
2-2: Fielders Choice at home, 4-2 (Groundball, 4, EV 106.2 MPH)
Héctor Galló to second
Batting: LHB Daniel Joseph 0-0: Ball
1-0: Called Strike
1-1: Ball
2-1: Swinging Strike
2-2: Strikes out swinging
Bottom of the 9th over - 0 runs, 0 hits, 1 error, 2 left on base; Hamilton 3 - Hartford 3
TOP OF THE 10TH
Hamilton Coyotes batting - Pitching for Hartford Pride : RHP Tony Ramírez
Pitching: RHP Darweshi Hadiya
Now in LF: Jorge Ortíz
Batting: RHB Gary Goodwin 0-0: Called Strike
0-1: Ground out 4-3 (Groundball, 4, EV 78.1 MPH)
Batting: RHB Cary Collins 0-0: Ball
1-0: Ground out 5-3 (Groundball, 56, EV 102.5 MPH)
Batting: RHB Kazunari Mizuno 0-0: Fly out, F9 (Line Drive, 9D, EV 101.9 MPH)
Top of the 10th over - 0 runs, 0 hits, 0 errors, 0 left on base; Hamilton 3 - Hartford 3
BOTTOM OF THE 10TH
Hartford Pride batting - Pitching for Hamilton Coyotes : RHP Jacob Messer
Pinch Hitting: LHB Sadatake Abe 0-0: Called Strike
0-1: Ball
1-1: Foul Ball, location: 2F
1-2: Strikes out looking
Pinch Hitting: RHB Angeddy Almanzar 0-0: Fly out, F8 (Line Drive, 8RD, EV 91.9 MPH)
Batting: RHB Eugene McClellan 0-0: Foul Ball, location: 2F
0-1: Ball
1-1: Ball
2-1: Ball
3-1: Foul Ball, location: 2F
3-2: Foul Ball, location: 2F
3-2: Ground out 5-3 (Groundball, 56, EV 105.0 MPH)
Bottom of the 10th over - 0 runs, 0 hits, 0 errors, 0 left on base; Hamilton 3 - Hartford 3
TOP OF THE 11TH
Hamilton Coyotes batting - Pitching for Hartford Pride : RHP Darweshi Hadiya
Now at C: Nick Bechtel
Now at SS: Nathan Pruitt
Batting: SHB Júlio Moreno 0-0: Ball
1-0: Fly out, F9 (Flyball, 9S, EV 93.8 MPH)
Batting: SHB Aristotle Auer 0-0: Ball
1-0: Ground out 4-3 (Groundball, 4, EV 86.2 MPH)
Batting: RHB Michael Collier 0-0: Ball
1-0: Foul Ball, location: 2F
1-1: Called Strike
1-2: Ball
2-2: Ball
3-2: SINGLE (Line Drive, 9S, EV 96.9 MPH)
Batting: SHB Alex Warner 0-0: Called Strike
0-1: Ground out 4-3 (Groundball, 4, EV 82.5 MPH)
Top of the 11th over - 0 runs, 1 hit, 0 errors, 1 left on base; Hamilton 3 - Hartford 3
BOTTOM OF THE 11TH
Hartford Pride batting - Pitching for Hamilton Coyotes : RHP Jacob Messer
Pitching: LHP Dong Zhào
Batting: RHB Hani Azwan 0-0: SINGLE (Groundball, 6MD, EV 98.8 MPH)
Batting: RHB Emílio Agramónte 0-0: Called Strike
0-1: Ball
1-1: SINGLE (Line Drive, 7S, EV 91.2 MPH)
Hani Azwan to second
Batting: RHB Joe Aller 0-0: Ball
1-0: Called Strike
1-1: Foul Ball, location: 2F
1-2: Fielders Choice at 2nd, 3-6 (Groundball, 34, EV 96.9 MPH)
Hani Azwan to third
Batting: LHB Héctor Galló 0-0: Ball
1-0: Ball
2-0: Ball
3-0: Foul Ball, location: 2F
3-1: Foul Ball, location: 2F
3-2: Foul Ball, location: 2F
3-2: Base on Balls
Joe Aller to second
Batting: LHB Jorge Ortíz 0-0: Ball
1-0: Ball
2-0: GRAND SLAM HOME RUN (Flyball, 9D, EV 91.9 MPH), Distance : 365 ft
Friday, March 26th, 2021 - OOTP Baseball 20.8 Build 74